 Dungeon Crawl Stone Soup version 0.28.0-53-g5a82cb258f (webtiles) character file.

Game seed: 6179100944534412839

177 safid the Chopper (level 5, -2/46 HPs)
             Began as a Hill Orc Fighter on July 25, 2022.
             Was an Initiate of Yredelemnul.
             Slain by an ogre
             ... wielding a +0 giant club
              (23 damage)
             ... on level 4 of the Dungeon.
             The game lasted 00:04:01 (3727 turns).

safid the Chopper (Hill Orc Fighter)                Turns: 3727, Time: 00:04:02

Health: -2/46      AC:  7    Str: 21    XL:     5   Next: 57%
Magic:  5/5        EV:  9    Int:  8    God:    Yredelemnul [......]
Gold:   160        SH:  4    Dex: 10    Spells: 4/4 levels left

rFire   . . .      SeeInvis .   a - +0 war axe
rCold   . . .      Faith    .   c - +0 buckler
rNeg    . . .      Spirit   .   b - +0 scale mail
rPois   .          Reflect  .   (no helmet)
rElec   .          Harm     .   (no cloak)
rCorr   .          Rampage  .   (no gloves)
Will    .....                   (no boots)
Stlth   ..........              (no amulet)
HPRegen 0.15/turn               (no ring)
MPRegen 0.09/turn               (no ring)

@: no status effects
A: no striking features
a: Renounce Religion, Recall Undead Harvest


You were on level 4 of the Dungeon.
You worshipped Yredelemnul.
Yredelemnul was noncommittal.
You visited 1 branch of the dungeon, and saw 4 of its levels.

You collected 160 gold pieces.

Inventory:

Hand Weapons
 a - a +0 war axe (weapon)
Missiles
 i - 2 poisoned darts (quivered)
Armour
 b - a +0 scale mail (worn)
 c - a +0 buckler (worn)
Scrolls
 e - 5 scrolls of identify {unknown}
 f - a scroll of enchant weapon {unknown}
 k - a scroll of fear {unknown}
 l - a scroll of holy word {unknown}
Potions
 d - a potion of might
 g - a potion of heal wounds {unknown}
 h - 2 potions of haste {unknown}
 j - a potion of magic {unknown}
 m - a potion of lignification {unknown}
 n - 2 potions of curing {unknown}


   Skills:
 - Level 4.0 Fighting
 + Level 6.1 Axes
 - Level 4.0 Armour
 - Level 4.0 Shields


You had 4 spell levels left.
You didn't know any spells.
Your spell library was empty.

Dungeon Overview and Level Annotations

Branches:
Dungeon (4/15)
 Temple: D:4-7

Altars:
Hepliaklqana
Yredelemnul


Message History

No target in view!
No target in view!
No target in view!
No target in view!
HP restored.
You now have 160 gold pieces (gained 19).
Found a mace.
You see here a +0 mace.
An ogre comes into view. It is wielding a +0 giant club.
An ogre is nearby!
You swap places.
The ogre completely misses your ball python zombie.
Throw: 3 darts (poison)
Press: ? - help, Q - select action, (/) - cycle Shift-Dir - straight line, f - ogre
Aim: an ogre, wielding a +0 giant club (73% to hit)
You throw a poisoned dart. The poisoned dart hits the ogre.
The ogre is poisoned.
Your ball python zombie bites the ogre.
Your ball python zombie barely misses the ogre.
Throw: 2 darts (poison)
Press: ? - help, Q - select action, (/) - cycle Shift-Dir - straight line, f/p - ogre
Aim: an ogre, wielding a +0 giant club (lightly wounded, poisoned, ally target, 73% to hit)
Really fire in your ball python zombie's direction?
Okay, then.
You barely miss the ogre.
The ogre is lightly wounded.
The ogre hits you with a +0 giant club!
Your ball python zombie closely misses the ogre.
Unknown command.
You barely miss the ogre.
The ogre is lightly wounded.
Your ball python zombie barely misses the ogre.
The ogre hits you with a +0 giant club!
Your dart slug zombie bites the ogre.
You hit the ogre.
The ogre is moderately wounded.
Your ball python zombie closely misses the ogre.
The ogre hits you with a +0 giant club!!
Ouch! That really hurt!
You die...
Your body rises from the dead as a mindless zombie.

#####
#<..##############
....#.. ......O..#
#...#.# .##.####.######
##.##.##.# #(......#
##.......# # #.Z####.#
#####.#### .# #ZO.###)#
......#####.# #.@...#.#
.###.>......###.......#
## ##.....###.........#
.## #...>.# #.#.......#
..###.....###.###...###
............#.# #####
....####....#.# ....#
#....#.#
....####....#.#


You could see an ogre (poisoned, ally target), a friendly ball python zombie and
a friendly dart slug zombie.

Vanquished Creatures
  A gnoll shaman (D:3)
  A howler monkey zombie (D:3)
  2 adders
  3 gnolls (D:3)
  2 worms
  3 dart slugs
  6 endoplasms
  5 giant cockroaches
  8 goblins
  3 hobgoblins
  5 kobolds
  4 quokkas
  6 ball pythons
  3 bats
  6 rats
58 creatures vanquished.

Vanquished Creatures (collateral kills)
  An adder (D:3)
  A gnoll (D:3)
  A hobgoblin (D:3)
  A goblin (D:3)
  A rat (D:2)
5 creatures vanquished.

Vanquished Creatures (others)
  A rat zombie (D:2)
1 creature vanquished.

Grand Total: 64 creatures vanquished

Notes
Turn   | Place    | Note
-------+----------+-------------------------------------------
     0 | D:1      | safid the Hill Orc Fighter began the quest for the Orb.
     0 | D:1      | Reached XP level 1. HP: 19/19 MP: 1/1
   225 | D:1      | Reached XP level 2. HP: 22/27 MP: 2/2
   384 | D:1      | Reached skill level 3 in Axes
   702 | D:1      | Reached XP level 3. HP: 27/33 MP: 3/3
   934 | D:1      | Found a faded altar of an unknown god.
  1075 | D:1      | Prayed at the altar of an unknown god.
  1075 | D:1      | Became a worshipper of Yredelemnul the Dark
  1520 | D:2      | Found a hazy altar of Hepliaklqana.
  1820 | D:2      | Reached * piety under Yredelemnul
  2140 | D:2      | Reached XP level 4. HP: 29/40 MP: 4/4
  2486 | D:3      | Reached skill level 4 in Axes
  3233 | D:3      | Reached skill level 5 in Axes
  3233 | D:3      | Reached XP level 5. HP: 29/46 MP: 5/5
  3235 | D:3      | Reached ** piety under Yredelemnul
  3244 | D:3      | Reached skill level 6 in Axes
  3716 | D:4      | Noticed an ogre
  3727 | D:4      | Slain by an ogre

Illustrated notes

Levels and vault maps discovered:
D:1:      dpeg_arrival_lava_temple_mockup, layout_basic,
          hellmonk_ecumenical_altar_leap_of_faith
D:2:      layout_loops_ring, basic_altar
D:3:      layout_basic
D:4:      layout_loops_cross, hangedman_decor_lopped, minivault_24,
          grunt_decor_fettered, amcnicky_altar_lugonu_corruption

Skill      XL: |  1  2  3  4  5 |
---------------+----------------+-----
Axes           | 3 5 6 |  6.1
Fighting       | 4 |  4.0
Shields        | 4 |  4.0
Armour         | 4 |  4.0

Action                   |  1- 3 |  4- 6 || total
-------------------------+-------+-------++-------
Melee: War axe           |   100 |    70 ||   170
Throw: Dart              |       |     1 ||     1
Invok: Recall Undead Har |     1 |       ||     1
Armor: Scale mail        |    37 |    25 ||    62
Dodge: Dodged            |    38 |    35 ||    73
Block: Buckler           |    16 |    22 ||    38
